 Dungeon Crawl Stone Soup version 0.21.1-1-g345015fe64 (webtiles) character file.

91 Plasmo the Firebug (level 4, -2/42 HPs)
             Began as an Octopode Fire Elementalist on June 24, 2018.
             Slain by an adder (3 damage)
             ... on level 3 of the Dungeon.
             The game lasted 00:10:39 (3040 turns).

Plasmo the Firebug (Octopode Fire Elementalist)     Turns: 3040, Time: 00:10:39

Health: -2/42      AC:  1    Str: 13    XL:     4   Next: 57%
Magic:  7/7        EV: 13    Int: 17    God:
Gold:   116        SH:  0    Dex: 12    Spells: 3/7 levels left

rFire    . . .     SeeInvis .   n - +0 whip
rCold    . . .     Gourm    .   (no shield)
rNeg     . . .     Faith    .   (helmet restricted)
rPois    .         Spirit   .   (no amulet)
rElec    .         Reflect  .   (no ring)
rCorr    .         Harm     .   (no ring)
MR       .....                  (no ring)
Stlth    ..........             (no ring)
HPRegen  0.14/turn              (no ring)
MPRegen  0.10/turn              (no ring)
                                (no ring)
                                (no ring)

@: berserking, very quick
A: almost no armour, stealthy swim, amphibious, 8 rings, constrict 8, camouflage
1, gelatinous body 1
a: no special abilities


You were on level 3 of the Dungeon.
You were not hungry.

You visited 1 branch of the dungeon, and saw 3 of its levels.

You collected 116 gold pieces.

Inventory:

Hand Weapons
 h - a +0 hunting sling
 n - a +0 whip (weapon)
Missiles
 f - a throwing net (quivered)
 i - 59 stones
Wands
 j - a wand of digging (18)
Scrolls
 c - a scroll of remove curse
 e - a scroll of teleportation
 k - a scroll of enchant armour {unknown}
 l - a scroll of fear {unknown}
Potions
 d - a potion of berserk rage
 m - a potion of ambrosia
 o - a potion of magic {unknown}
Books
 a - a book of Flames

   Spells                             Type                      Level
   a - Flame Tongue                   Conjuration/Fire             1
   b - Throw Flame                    Conjuration/Fire             2
   c - Conjure Flame                  Conjuration/Fire             3
   d - Inner Flame                    Hexes/Fire                   3
   e - Sticky Flame                   Conjuration/Fire             4
   f - Fireball                       Conjuration/Fire             5
Comestibles
 b - 2 rations


   Skills:
 * Level 1.6 Fighting
 * Level 0.0 Maces & Flails
 + Level 0.3 Throwing
 * Level 2.5 Dodging
 + Level 3.0 Stealth
 + Level 0.3 Unarmed Combat
 * Level 2.3 Spellcasting
 * Level 1.8 Conjurations
 * Level 3.5 Fire Magic
 + Level 0.0 Evocations


You had 3 spell levels left.
You knew the following spells:

 Your Spells              Type           Power        Failure   Level  Hunger
a - Flame Tongue          Conj/Fire      ##...        6%          1    #......
b - Conjure Flame         Conj/Fire      ##......     19%         3    ###....


Dungeon Overview and Level Annotations

Branches:
Dungeon (3/15)

Altars:
Dithmenos
Wu Jian

Annotations:
D:3 Grinder, Sigmund


Innate Abilities, Weirdness & Mutations

You cannot wear most types of armour.
You are very stealthy in the water. (Stealth+)
You are amphibious.
You can wear up to eight rings at the same time.
You can use your tentacles to constrict eight enemies at once.
Your skin changes colour to match your surroundings (Stealth+).
Your rubbery body absorbs attacks. (AC +1, EV +1)


Message History

An adder and a jackal come into view.
A red film seems to cover your vision as you go berserk!
You feel yourself moving faster!
You feel mighty! Grinder misses you.
A jackal comes into view.
You closely miss Grinder. Your grab misses Grinder. You squeeze Grinder.
Grinder is lightly wounded.
Grinder hits you.
You writhe in agony.
* * * LOW HITPOINT WARNING * * *
You barely miss Grinder. Your grab misses Grinder.
Grinder is lightly wounded.
Grinder gestures at you. Pain shoots through your body!
* * * LOW HITPOINT WARNING * * *
You whack Grinder! Your grab misses Grinder. You squeeze Grinder!
Grinder is severely wounded.
Grinder barely misses you.
You whack Grinder! Your grab misses Grinder.
Grinder is almost dead.
The adder bites you.
You die...

##### #...# ###
#...########..
#............#
#...#####....#
####......##....#
#..........#.....
..h#####.#..............
#h.o.S@.#..............
###..5###..............
#.#. ..............# #.
## ##.............# #
#.............#
...............
........... ...........
...........


You could see Grinder, an adder, an orc and 2 jackals.

Vanquished Creatures
  2 adders (D:3)
  An ooze (D:3)
  2 dart slugs
  A worm (D:2)
  2 leopard geckos (D:1)
  5 orcs (D:3)
  A ball python (D:2)
  2 bats (D:3)
  9 giant cockroaches
  5 hobgoblins
  3 jackals (D:1)
  2 frilled lizards
  4 goblins
  4 kobolds
  7 rats
50 creatures vanquished.

Notes
Turn   | Place    | Note
-------+----------+-------------------------------------------
     0 | D:1      | Plasmo the Octopode Fire Elementalist began the quest for the Orb.
     0 | D:1      | Reached XP level 1. HP: 11/11 MP: 3/3
   278 | D:1      | Reached XP level 2. HP: 18/18 MP: 3/5
   911 | D:1      | Reached XP level 3. HP: 20/22 MP: 4/6
  1396 | D:2      | Learned a level 3 spell: Conjure Flame
  1632 | D:2      | Reached skill level 1 in Fighting
  2230 | D:3      | Reached XP level 4. HP: 28/28 MP: 7/7
  2678 | D:3      | Noticed Sigmund
  2888 | D:3      | Found a shadowy altar of Dithmenos.
  2938 | D:3      | Found an ornate altar of the Wu Jian Council.
  3029 | D:3      | Noticed Grinder
  3038 | D:3      | HP: 1/42 [Grinder/nerve-wracking pain (7)]
  3040 | D:3      | Slain by an adder

Skill      XL: |  1  2  3  4 |
---------------+-------------+-----
Fighting       | 1 |  1.6
Stealth        | 3 |  3.0
Throwing       | |  0.3
Dodging        | |  2.5
Unarmed Combat | |  0.3
Spellcasting   | |  2.3
Conjurations   | |  1.8
Fire Magic     | |  3.5

Action                   |  1- 3 |  4- 6 || total
-------------------------+-------+-------++-------
Melee: Short sword       |    39 |    27 ||    66
       Constrict         |    11 |    10 ||    21
       Tentacles         |     6 |     6 ||    12
       Whip              |       |    21 ||    21
 Fire: Hunting sling     |     8 |       ||     8
 Cast: Flame Tongue      |    36 |     5 ||    41
       Conjure Flame     |     2 |       ||     2
  Use: Scroll            |     5 |     1 ||     6
       Potion            |       |     1 ||     1
 Stab: Sleeping          |     5 |     2 ||     7
       Distracted        |       |     1 ||     1
  Eat: Chunk             |     5 |     1 ||     6
       Ration            |       |     1 ||     1
Armor: Skin              |     2 |     4 ||     6
Dodge: Dodged            |    30 |    49 ||    79
